 Dungeon Crawl Stone Soup version 0.25-a0-353-ged6d54792d (webtiles) character file.

Game seed: 3878934691140559219, levelgen mode: deterministic

209 sankara the Grave Robber (level 5, -3/38 HPs)
             Began as a Hill Orc Necromancer on Jan 1, 2020.
             Slain by a porcupine (8 damage)
             ... in the Ecumenical Temple.
             The game lasted 00:24:27 (3784 turns).

sankara the Grave Robber (Hill Orc Necromancer)     Turns: 3784, Time: 00:24:28

Health: -3/38      AC:  3    Str: 11    XL:     5   Next: 87%
Magic:  6/8        EV: 11    Int: 16    God:
Gold:   115        SH:  0    Dex: 11    Spells: 3/8 levels left

rFire    . . .     SeeInvis .   a - +0 dagger
rCold    . . .     Gourm    .   (no shield)
rNeg     + . .     Faith    .   g - +0 leather armour
rPois    .         Spirit   .   (no helmet)
rElec    .         Reflect  .   (no cloak)
rCorr    .         Harm     .   (no gloves)
MR       .....                  (no boots)
Stlth    +.........             (no amulet)
HPRegen  0.12/turn              p - ring of positive energy {rN+}
MPRegen  0.11/turn              (no ring)

@: no status effects
A: no striking features
a: no special abilities


You were in the Ecumenical Temple.
You were not hungry.

You visited 2 branches of the dungeon, and saw 5 of its levels.

You collected 115 gold pieces.

Inventory:

Hand Weapons
 a - a +0 dagger (weapon)
   (You found it on level 1 of the Dungeon)
Missiles
 h - 161 stones (quivered)
 r - 24 sling bullets
Armour
 f - a +0 robe
 g - a +0 leather armour (worn)
   (You found it on level 1 of the Dungeon)
 j - a +2 large shield
   (You found it on level 1 of the Dungeon)
Magical Staves
 b - an uncursed staff of wizardry {wiz+, !a}
   (You found it on level 2 of the Dungeon)
Jewellery
 p - a ring of positive energy (left hand) {rN+}
   (You found it on level 3 of the Dungeon)
Wands
 m - a wand of polymorph (6)
   (You took it off Natasha on level 2 of the Dungeon)
Scrolls
 i - a scroll of teleportation
 l - a scroll of magic mapping {unknown}
 n - a scroll of fog {unknown}
 q - a scroll of enchant armour {unknown}
Potions
 d - a potion of lignification {unknown}
 e - 2 potions of agility {unknown}
 k - 3 potions of curing {unknown}
Comestibles
 c - 7 rations


   Skills:
 - Level 1.5 Dodging
 - Level 1.5 Stealth
 + Level 2.2 Spellcasting
 + Level 6.5 Necromancy


You had 3 spell levels left.
You knew the following spells:

 Your Spells              Type           Power        Failure   Level  Hunger
a - Pain                  Necr           ###.         1%          1    #......
b - Animate Skeleton      Necr           N/A          1%          1    #......
c - Vampiric Draining     Necr           ###.......   5%          3    ###....

Your spell library contained the following spells:

 Spells                   Type           Power        Failure   Level  Hunger
 Regeneration             Chrm/Necr      ##........   21%         3    ###....
 Animate Dead             Necr           N/A          19%         4    #####..


Dungeon Overview and Level Annotations

Branches:
Dungeon (4/15)             Temple (1/1) D:4

Altars:

Annotations:
D:4 Sigmund


Message History

The bat writhes in agony!
You kill the bat!
You see here a bat corpse.
Casting: Pain (safe; 1% risk of failure)
Confirm with . or Enter, or press ? or * to list all spells.
There is nothing here that can be animated!
HP restored.
You see here a bat corpse.
Casting: Animate Skeleton (safe; 1% risk of failure)
Confirm with . or Enter, or press ? or * to list all spells.
You attempt to give life to the dead...
Before your eyes, flesh is ripped from the corpse!
The dead are flying!
o - a chunk of flesh {@w0} Magic restored.
Done exploring.
Done exploring.
Done exploring.
(D) Dungeon
Where to? (Enter - D:2 @ (x,y), ? - help)
There is a stone staircase leading down here.
You climb downwards.
Your mindless thrall stays behind.
You hear the sound of rushing water.
There is an entrance to a sewer on this level.
Hurry and find it before the portal rusts away!
An ooze comes into view.
The ooze quivers.
Found a trident.
Found an escape hatch in the floor.
Found a stone staircase leading down and a staircase to the Ecumenical Temple.
There is a stone staircase leading up here.
Okay, then.
As you read the scroll labeled KASASASHOCEC, it crumbles to dust.
You feel strangely unstable.
It was a scroll of teleportation.
You climb upwards.
There is a stone staircase leading down here.
Your surroundings suddenly seem different.
You swap places.
Eating a chunk of flesh {@w0}.
You eat the chunk of flesh {@w0}.
This raw flesh tastes terrible.
You see here a +0 short sword.
There is a stone staircase leading down here.
You climb downwards.
Your mindless thrall stays behind.
You hear the sound of rushing water.
There is an entrance to a sewer on this level.
Hurry and find it before the portal rusts away!
You hear the slow rusting of a very distant drain.
The ooze closely misses you.
There is a stone staircase leading up here.
An ooze is nearby!
An ogre comes into view. It is wielding a +0 giant club.
The ogre shouts!
You hear a shout!
The ogre moves out of view.
An orc priest comes into view. It is wielding a +0 club.
The orc priest threatens, "By the altar or by the axe, you will meet Beogh!"
The orc priest shouts!
You hear a shout! x3 2 orcs come into view.
The orc shouts! x2
Sigmund the Dreaded comes into view.
He is wielding a +1 scythe of slicing.
An orc comes into view. It is wielding a +0 mace.
The orc moves out of view. x2
An adder comes into view.
The orc priest mumbles some strange prayers to Beogh against you.
Pain shoots through your body!
The adder moves out of view.
The ogre hits you with a +0 giant club!!
Ouch! That really hurt!
* * * LOW HITPOINT WARNING * * *
The adder hisses angrily.
The orc priest hits you but does no damage.
The ooze jiggles.
The ogre closely misses you. The orc priest closely misses you.
There is a staircase to the Ecumenical Temple here.
Sigmund closely misses you. The ooze closely misses you.
The orc priest calls down the wrath of Beogh upon you.
You barely resist.
You climb downwards.
Welcome to the Ecumenical Temple!
You hear a splash.
There is a staircase back to the Dungeon here.
Evoke which item? (* to show all) (? for menu, Esc to quit)
Aiming: Polymorph
Press: ? - help, Shift-Dir - straight line, f - orc priest
Aim: an orc priest, wielding a +0 club (chance to defeat MR: 46%)
The orc priest evaporates and reforms as a porcupine!
The ooze closely misses you. The porcupine closely misses you.
Casting: Animate Skeleton (safe; 1% risk of failure)
Confirm with . or Enter, or press ? or * to list all spells.
Aiming: Pain (safe; 1% risk of failure)
Press: ? - help, Shift-Dir - straight line, f/p - porcupine
Aim: a porcupine (chance to defeat MR: 81%)
The porcupine barely resists.
The ooze barely misses you.
The porcupine bites you but does no damage.
Casting: Pain (safe; 1% risk of failure)
Confirm with . or Enter, or press ? or * to list all spells.
Aiming: Pain (safe; 1% risk of failure)
Press: ? - help, Shift-Dir - straight line, f/p - porcupine
Aim: a porcupine (chance to defeat MR: 81%)
The porcupine barely resists.
The ooze jiggles.
The ooze hits you.
* * * LOW HITPOINT WARNING * * *
The porcupine bites you!
You die...

♣♣♣♣♣♣♣
♣♣♣.....♣♣♣
♣♣♣.........♣♣♣
......J........
♣.....@.....♣
♣....r......♣
♣♣.........♣♣
♣♣♣.....♣♣♣
♣♣♣♣♣♣♣


You could see a porcupine and an ooze.

Vanquished Creatures
  Natasha (thrice) (D:2)
  2 adders (D:3)
  3 oozes
  A worm (D:2)
  3 orcs (D:3)
  3 giant cockroaches
  6 goblins
  4 hobgoblins
  4 jackals
  A quokka (D:3)
  5 ball pythons
  10 bats
  6 frilled lizards
  4 kobolds
  8 rats
63 creatures vanquished.

Vanquished Creatures (collateral kills)
  An orc priest (D:3)
  An adder (D:3)
2 creatures vanquished.

Grand Total: 65 creatures vanquished

Notes
Turn   | Place    | Note
-------+----------+-------------------------------------------
     0 | D:1      | sankara the Hill Orc Necromancer began the quest for the
                  | Orb.
     0 | D:1      | Reached XP level 1. HP: 14/14 MP: 3/3
     2 | D:1      | Learned a level 1 spell: Animate Skeleton
   178 | D:1      | Reached XP level 2. HP: 15/20 MP: 0/4
  1382 | D:2      | Reached XP level 3. HP: 9/26 MP: 0/5
  1387 | D:2      | Learned a level 3 spell: Vampiric Draining
  1493 | D:2      | Reached skill level 5 in Necromancy
  2038 | D:2      | Noticed Natasha
  2061 | D:2      | Killed Natasha
  2061 | D:2      | Reached XP level 4. HP: 23/33 MP: 1/6
  2133 | D:2      | Noticed Natasha
  2137 | D:2      | Killed Natasha
  2601 | D:2      | Noticed Natasha
  2609 | D:2      | Killed Natasha
  2609 | D:2      | Reached skill level 6 in Necromancy
  2609 | D:2      | Reached XP level 5. HP: 38/38 MP: 1/7
  2726 | D:3      | Found a faded altar of an unknown god.
  3107 | D:3      | Reached skill level 2 in Spellcasting
  3718 | D:4      | Found a staircase to the Ecumenical Temple.
  3773 | D:4      | Noticed an ogre
  3775 | D:4      | Noticed Sigmund
  3777 | D:4      | HP: 9/38 [ogre/+0 giant club (25)]
  3781 | Temple   | Entered the Ecumenical Temple
  3782 | Temple   | Noticed a porcupine
  3782 | Temple   | an orc priest changed into a porcupine
  3784 | Temple   | HP: 5/38 [ooze (3)]
  3784 | Temple   | Slain by a porcupine

Levels and vault maps discovered:
D:1:      erik_arrival_triangle_large, layout_basic
D:2:      layout_loops_ring, uniq_natasha
D:3:      layout_loops_ring, chequers_ecumenical_altar_simple_redux
D:4:      layout_gridville, lemuel_round_altar, minmay_temple_entry_sparse_star,
          first_ration, ebering_ghost_disaster_area, portal_sewer_entry_b,
          minmay_checkerbox, uniq_sigmund
Temple:   jpeg_temple_clearing

Skill      XL: |  1  2  3  4  5 |
---------------+----------------+-----
Necromancy     | 5 6 |  6.5
Spellcasting   | 2 |  2.2
Dodging        | |  1.5
Stealth        | |  1.5

Action                   |  1- 3 |  4- 6 || total
-------------------------+-------+-------++-------
Melee: Unarmed           |     3 |       ||     3
       Dagger            |    62 |    28 ||    90
       Mace              |     2 |       ||     2
 Cast: Pain              |    37 |    59 ||    96
       Animate Skeleton  |    13 |    13 ||    26
Evoke: Wand              |       |     1 ||     1
  Use: Scroll            |       |     1 ||     1
 Stab: Sleeping          |     3 |     2 ||     5
  Eat: Chunk             |     5 |     7 ||    12
Armor: Leather armour    |    18 |    17 ||    35
       Skin              |       |     2 ||     2
Dodge: Dodged            |    45 |    33 ||    78

Table legend:
 A = Non-vault XP
 B = Vault XP
 C = Vault XP percentage of total XP
 D = Non-vault monster count
 E = Vault monster count
 F = Vault count percentage of total count
                 A         B        C        D         E       F
            +---------+---------+-------+---------+---------+-------
      Total |     264 |      35 |  11.7 |      64 |       1 |   1.5
            +---------+---------+-------+---------+---------+-------
        D:1 |      23 |       0 |   0.0 |      14 |       0 |   0.0
        D:2 |     111 |      35 |  24.0 |      22 |       1 |   4.3
        D:3 |     130 |       0 |   0.0 |      28 |       0 |   0.0
            +---------+---------+-------+---------+---------+-------

Levels and vault maps discovered:
D:1:      erik_arrival_triangle_large, layout_basic
D:2:      layout_loops_ring, uniq_natasha
D:3:      layout_loops_ring, chequers_ecumenical_altar_simple_redux
D:4:      layout_gridville, lemuel_round_altar, minmay_temple_entry_sparse_star,
          first_ration, ebering_ghost_disaster_area, portal_sewer_entry_b,
          minmay_checkerbox, uniq_sigmund
Temple:   jpeg_temple_clearing

Table legend:
 A = Turns spent in this place as a percentage of turns spent in the entire game.
 B = Non-inter-level travel turns spent in this place as a percentage of non-inter-level travel turns spent in the entire game.
 C = Inter-level travel turns spent in this place as a percentage of turns spent in this place.
 D = Turns resting spent in this place as a percentage of non-inter-level travel turns spent in this place.
 E = Turns spent auto-exploring this place as a percentage of non-inter-level travel turns spent in this place.
 F = Non-inter-level travel turns spent in this place divided by the number of levels of this place that you've seen.
                   A       B       C       D       E      F
               +-------+-------+-------+-------+-------+----------------------
         Total | 100.0 | 100.0 |  13.9 |  28.4 |  43.1 | 651.6
       Dungeon |  99.9 |  99.9 |  13.9 |  28.4 |  43.1 | 813.8
        Temple |   0.1 |   0.1 |   0.0 |   0.0 |   0.0 |   3.0
               +-------+-------+-------+-------+-------+----------------------

Table legend:
 A = Kills in this place as a percentage of kills in entire the game.
 B = Kills by you in this place as a percentage of kills by you in the entire game.
 C = Kills by friends in this place as a percentage of kills by friends in the entire game.
 D = Other kills in this place as a percentage of other kills in the entire game.
 E = Experience gained in this place as a percentage of experience gained in the entire game.
 F = Experience gained in this place divided by the number of levels of this place that you have seen.
                   A       B       C       D       E      F
               +-------+-------+-------+-------+-------+----------------------
         Total | 100.0 | 100.0 | 100.0 |   N/A | 100.0 |  59.8
       Dungeon | 100.0 | 100.0 | 100.0 |   N/A | 100.0 |  74.8
               +-------+-------+-------+-------+-------+----------------------
